 Dungeon Crawl Stone Soup version 0.26.0-16-gc1dbca0489 (webtiles) character file.

Game seed: 16944595747023154188

39 shakesphere1979 the Magician (level 3, 0/19 HPs)
             Began as a Deep Elf Air Elementalist on Jan 19, 2021.
             Slain by a gnoll
             ... wielding a +0 spear
              (4 damage)
             ... on level 2 of the Dungeon.
             The game lasted 00:03:50 (1638 turns).

shakesphere1979 the Magician (DEAE)                 Turns: 1638, Time: 00:03:51

Health: 0/19       AC:  2    Str:  6    XL:     3   Next: 26%
Magic:  2/10       EV: 13    Int: 19    God:
Gold:   59         SH:  0    Dex: 15    Spells: 8/9 levels left

rFire    . . .     SeeInvis .   d - +0 spear (curse)
rCold    . . .     Faith    .   (no shield)
rNeg     . . .     Spirit   .   a - +0 robe
rPois    .         Reflect  .   (no helmet)
rElec    .         Harm     .   (no cloak)
rCorr    .         Rampage  .   (no gloves)
Will     .....                  (no boots)
Stlth    ++........             (no amulet)
HPRegen  0.06/turn              (no ring)
MPRegen  0.12/turn              (no ring)

@: no status effects
A: no striking features
a: no special abilities


You were on level 2 of the Dungeon.
You visited 1 branch of the dungeon, and saw 2 of its levels.

You collected 59 gold pieces.

Inventory:

Hand Weapons
 d - a cursed +0 spear (weapon)
Missiles
 i - 37 arrows
 k - 12 stones
Armour
 a - a +0 robe (worn)
Jewellery
 h - an uncursed amulet of the acrobat {unknown}
Scrolls
 b - a scroll of magic mapping {unknown}
 c - 2 scrolls of teleportation {unknown}
 e - a scroll of enchant armour {unknown}
 g - a scroll of identify {unknown}
Potions
 f - a potion of brilliance {unknown}
 j - a potion of flight {unknown}
 l - a potion of might {unknown}
 m - a potion of curing {unknown}


   Skills:
 + Level 2.9 Dodging
 + Level 3.1 Stealth
 + Level 3.5 Spellcasting
 + Level 1.8 Conjurations
 + Level 3.3 Air Magic


You had 8 spell levels left.
You knew the following spells:

 Your Spells              Type           Power        Failure   Level
a - Shock                 Conj/Air       52%          4%          1

Your spell library contained the following spells:

 Spells                   Type           Power        Failure   Level
 Swiftness                Air            15%          5%          2
 Static Discharge         Conj/Air       13%          16%         3
 Airstrike                Air            7%           36%         4
 Lightning Bolt           Conj/Air       6%           80%         5


Dungeon Overview and Level Annotations

Branches:
Dungeon (2/15)

Altars:


Message History

The zap hits the gnoll.
The gnoll is severely wounded.
The gnoll hits you but does no damage.
Casting: Shock (safe; 4% risk of failure)
Confirm with . or Enter, or press ? or * to list all spells.
Aiming: Shock (safe; 4% risk of failure)
Press: ? - help, Shift-Dir - straight line, f/p - gnoll
Aim: a gnoll, wielding a +0 spear (severely wounded, 28% to evade)
The zap hits the gnoll.
The gnoll is severely wounded.
The gnoll hits you from afar with a +0 spear.
* * * LOW HITPOINT WARNING * * *
Casting: Shock (safe; 4% risk of failure)
Confirm with . or Enter, or press ? or * to list all spells.
Aiming: Shock (safe; 4% risk of failure)
Press: ? - help, Shift-Dir - straight line, f/p - gnoll
Aim: a gnoll, wielding a +0 spear (severely wounded, 28% to evade)
The zap misses the gnoll.
The gnoll barely misses you.
The gnoll hits you from afar with a +0 spear.
You die...

.. ## ..#
.#....
###.#....
.........
#........
#........
#........
#@.g.....
#.........
#..........
#..♣.....>.
##. P.♣.#..
#. ♣...P#.
## .♣♣^.#
PP ..


You could see a gnoll.

Vanquished Creatures
  An ooze (D:2)
  5 dart slugs (D:1)
  A giant cockroach (D:1)
  3 goblins
  3 hobgoblins (D:1)
  4 bats (D:1)
  5 kobolds (D:1)
  3 rats (D:1)
25 creatures vanquished.

Notes
Turn   | Place    | Note
-------+----------+-------------------------------------------
     0 | D:1      | shakesphere1979 the Deep Elf Air Elementalist began the
                  | quest for the Orb.
     0 | D:1      | Reached XP level 1. HP: 10/10 MP: 6/6
   374 | D:1      | Reached XP level 2. HP: 6/15 MP: 2/8
  1128 | D:1      | Reached XP level 3. HP: 19/19 MP: 7/9
  1638 | D:2      | Slain by a gnoll

Illustrated notes

Levels and vault maps discovered:
D:1:      nicolae_arrival_memento_mori, layout_basic,
          chequers_serial_rivers_room_a
D:2:      layout_rooms, tso_metal_star, marbit_many_paths, serial_forest,
          infiniplex_forest_zigzag_1, infiniplex_forest_pool,
          infiniplex_forest_corner_1, infiniplex_forest_end_2,
          infiniplex_forest_corner_1, infiniplex_forest_clump_diagonal,
          infiniplex_forest_clump_double

Skill      XL: |  1  2 |
---------------+-------+-----
Stealth        | 3 |  3.1
Dodging        | |  2.9
Spellcasting   | |  3.5
Conjurations   | |  1.8
Air Magic      | |  3.3

Action                   || total
-------------------------++-------
Melee: Unarmed           ||     2
       Spear             ||     9
 Cast: Shock             ||    51
 Stab: Sleeping          ||     2
Armor: Robe              ||     6
Dodge: Dodged            ||    30
